 Dungeon Crawl Stone Soup version 0.31.0-12-g77e489cdc1 (webtiles) character file.

Game seed: 7118625087889692773

363 BigDaddyOpFi the Chopper (level 6, -14/56 HPs)
             Began as a Hill Orc Monk on Feb 28, 2024.
             Demolished by an ogre
             ... wielding a +0 giant club
              (25 damage)
             ... on level 4 of the Dungeon.
             The game lasted 00:05:06 (3011 turns).

BigDaddyOpFi the Chopper (Hill Orc Monk)            Turns: 3011, Time: 00:05:07

Health: -14/56     AC: 11    Str: 16    XL:     6   Next: 67%
Magic:  6/6        EV:  8    Int: 10    God:
Gold:   120        SH:  4    Dex: 13    Spells: 5/5 levels left

rFire   . . .        a - +0 hand axe
rCold   . . .        f - +0 buckler
rNeg    . . .        k - +1 chain mail
rPois   .            (no helmet)
rElec   .            (no cloak)
rCorr   .            l - +0 pair of gloves
SInv    .            (no boots)
Will    .....        (no amulet) Stlth
                     (no ring)
HPRegen 0.29/turn    (no ring)
MPRegen 0.10/turn

%: no passive effects
@: brilliant
A: no striking features
a: no special abilities


You were on level 4 of the Dungeon.
You visited 2 branches of the dungeon, and saw 5 of its levels.

You collected 120 gold pieces.

Inventory:

Hand Weapons
 a - a +0 hand axe (weapon)
Armour
 d - an orb of light
 f - a +0 buckler (worn)
 k - a +1 chain mail (worn)
 l - a +0 pair of gloves (worn)
Scrolls
 e - a scroll of noise
 g - a scroll of fear
 j - 2 scrolls of teleportation
Potions
 c - 2 potions of ambrosia
 h - a potion of enlightenment
 i - 3 potions of curing


   Skills:
 + Level 5.3 Fighting
 * Level 5.9 Axes
 + Level 3.2 Armour
 + Level 3.6 Dodging
 + Level 0.0 Shields


You had 5 spell levels left.
You didn't know any spells.
Your spell library was empty.

Dungeon Overview and Level Annotations

Branches:
Dungeon (4/15)             Temple (1/1) D:4

Altars:
Ashenzari
Cheibriados
Dithmenos
Elyvilon
Fedhas
Gozag
Hepliaklqana
Kikubaaqudgha
Makhleb
Okawaru
Qazlal
Ru
Sif Muna
Trog
Uskayaw
Vehumet
Wu Jian
Xom
Yredelemnul
Zin
The Shining One

Shops:
D:1 (


Message History

The ogre hits you with a +0 giant club!!
Blink to where?
Press: ? - help, Dir - move target
As you read the scroll of blinking, it crumbles to dust.
Okay, then.
It was a potion of brilliance.
You feel clever all of a sudden.
You are confused.
You feel invigorated.
You feel less invigorated.
You feel less confused.
You hit the ogre.
The ogre is moderately wounded.
The ogre barely misses you.
You barely miss the ogre.
The ogre is moderately wounded.
The ogre hits you with a +0 giant club!!
* * * LOW HITPOINT WARNING * * *
You hit the ogre but do no damage.
The ogre is moderately wounded.
You feel better. The ogre hits you with a +0 giant club.
You feel better. The ogre hits you with a +0 giant club!
* * * LOW HITPOINT WARNING * * *
You hit the ogre but do no damage.
The ogre is moderately wounded.
You hit the ogre.
The ogre is heavily wounded.
The ogre hits you with a +0 giant club.
* * * LOW HITPOINT WARNING * * *
You hit the ogre.
The ogre is heavily wounded.
The ogre closely misses you.
You slash the ogre!
The ogre is almost dead.
You hit the bombardier beetle but do no damage.
You hit the ogre.
The ogre is almost dead.
You hit the bombardier beetle but do no damage.
The ogre hits you with a +0 giant club!!
You die...

##.## +.## .#..# ##..##
.##.# #....## ..#(#
##.....## ..#.##
#.......## ..#..#
##........## ... .##..#
#...#.....^## ...##.#
##...# ##...##......##
#...#.. ##.#.#
#...####@B....##...##.#
#....# ##...#
##O.....#...#.. #.#..#
#...## ##........##.#
#.##.###...#
##.......#..###
#.#####...##
##.....##....#
...####...# ##....#..##
.#..##...##.#
##..##...#
..#.##...'..#
##.'B.#..$#
_.#..##.#######
##########


You could see an ogre and a bombardier beetle.

Vanquished Creatures
  Sigmund (D:2)
  A jelly (D:2)
  An iguana (D:4)
  3 gnolls (D:2)
  4 adders
  3 dart slugs
  2 ribbon worms
  5 orcs (D:3)
  4 ball pythons
  3 bats
  6 endoplasms
  2 giant cockroaches (D:2)
  5 goblins
  8 hobgoblins
  3 jackals (D:1)
  4 kobolds
  2 quokkas (D:2)
  A frilled lizard (D:2)
  6 rats
64 creatures vanquished.

Vanquished Creatures (others)
  A human (D:4)
1 creature vanquished.

Grand Total: 65 creatures vanquished

Notes
Turn   | Place    | Note
-------+----------+-------------------------------------------
     0 | D:1      | BigDaddyOpFi the Hill Orc Monk began the quest for the Orb.
     0 | D:1      | Reached XP level 1. HP: 19/19 MP: 1/1
    53 | D:1      | Found Pyfiops's Weapon Shop.
   148 | D:1      | Reached XP level 2. HP: 27/27 MP: 2/2
   523 | D:1      | Reached skill level 1 in Armour
   792 | D:2      | Reached XP level 3. HP: 33/33 MP: 3/3
   848 | D:2      | Noticed Sigmund
   866 | D:2      | Killed Sigmund
   867 | D:2      | Reached skill level 5 in Axes
   867 | D:2      | Reached XP level 4. HP: 41/41 MP: 4/4
   867 | D:2      | Reached XP level 5. HP: 47/47 MP: 5/5
   958 | D:2      | Reached skill level 5 in Fighting
   958 | D:2      | Reached XP level 6. HP: 41/56 MP: 6/6
  2588 | D:4      | Found a staircase to the Ecumenical Temple.
  2637 | Temple   | Entered the Ecumenical Temple
  2836 | D:4      | Found a stormy altar of Qazlal.
  2875 | D:4      | Found an ornate altar of the Wu Jian Council.
  2908 | D:4      | Found an ancient bone altar of Kikubaaqudgha.
  2909 | D:4      | Noticed a human
  2911 | D:4      | Killed a human
  3011 | D:4      | Demolished by an ogre

Illustrated notes

Levels and vault maps discovered:
D:1:      dpeg_arrival_long_road, layout_rooms, serial_shops, shop,
          nicolae_hexahallways
D:2:      layout_loops_corners, minmay_stone_trees_large, uniq_sigmund
D:3:      layout_rooms
D:4:      minmay_razor_zed, layout_rooms, tgw_kikubaaqudgha,
          mainiacjoe_overflow_catch_the_wave, minmay_temple_entry_junction,
          minmay_misc_feat_columns, roderic_malta_cross
Temple:   regret_index_temple_mists

Skill      XL: |  1  2  3  4  5  6 |
---------------+-------------------+-----
Armour         | 1 2 3 |  3.2
Fighting       | 4 5 |  5.3
Axes           | 5 |  5.9
Dodging        | 3 |  3.6

Action                     |  1- 3 |  4- 6 || total
---------------------------+-------+-------++-------
  Melee: Hand axe          |    55 |   155 ||   210
    Use: Potion            |     1 |     5 ||     6
         Scroll            |       |    10 ||    10
 Armour: Robe              |    26 |    32 ||    58
         Chain mail        |       |    32 ||    32
         Ring mail         |       |    15 ||    15
         Skin              |       |     3 ||     3
  Dodge: Dodged            |    37 |    67 ||   104
